 Dungeon Crawl Stone Soup version bcrawl-1.24 (webtiles) character file.

Game seed: 3971197694223727136

156 Freyura the Cudgeler (level 5, -8/33 HPs)
             Began as a Gargoyle Monk on June 12, 2020.
             Killed by divine providence
             ... invoked by an orc priest
              (11 damage)
             ... on level 3 of the Dungeon.
             The game lasted 00:08:01 (1833 turns).

Freyura the Cudgeler (Gargoyle Monk)                Turns: 1833, Time: 00:08:01

Health: -8/33      AC: 10    Str: 15    XL:     5   Next: 38%
Magic:  0/6        EV: 13    Int: 10    God:
Gold:   103        SH:  0    Dex: 13    Spells: 4/4 levels left

rFire    . . .     SeeInvis .   a - +0 mace
rCold    + . .     Gourm    .   (no shield)
rNeg     + . .     Faith    .   q - +2 leather armour {rPois}
rPois    ∞         Spirit   +   h - +0 helmet
rElec    +         Reflect  .   (no cloak)
rCorr    .         Harm     .   (no gloves)
MR       .....                  (no boots)
Stlth    ++........             d - amulet of guardian spirit
HPRegen  0.11/turn              s - ring of protection from cold
MPRegen  0.10/turn              (no ring)

@: no status effects
A: negative energy resistance 1, electricity resistance, unbreathing,
petrification resistance, rot immunity, AC +4
a: no special abilities


You were on level 3 of the Dungeon.
You were not hungry.

You visited 1 branch of the dungeon, and saw 3 of its levels.

You collected 103 gold pieces.

Inventory:

Hand Weapons
 a - a +0 mace (weapon)
Armour
 b - a +0 robe
 c - a +0 hat
 h - a +0 helmet (worn)
 n - a +0 ring mail of fire resistance
 p - a +0 chain mail
 q - a +2 leather armour of poison resistance (worn)
Jewellery
 d - an amulet of guardian spirit (around neck)
 s - a ring of protection from cold (left hand)
Scrolls
 f - 2 scrolls of remove curse
 l - a scroll of amnesia
Potions
 g - a potion of flight
 i - a potion of brilliance
 j - a potion of resistance {unknown}
 k - a potion of agility {unknown}
 m - a potion of berserk rage {unknown}
 o - a potion of lignification {unknown}
 r - a potion of mutation {unknown}
Comestibles
 e - 4 rations {!d}


   Skills:
 + Level 4.1 Fighting
 * Level 4.3 Maces & Flails
 + Level 2.1 Armour
 + Level 3.0 Dodging
 - Level 2.4 Stealth
   Level 2.1 Invocations


You had 4 spell levels left.
You didn't know any spells.
Your spell library was empty.

Dungeon Overview and Level Annotations

Branches:
Dungeon (3/12)

Altars:


Innate Abilities, Weirdness & Mutations

You are resistant to torment.
Your stone body is resilient. (AC +4)
You are immune to poison.
You resist negative energy. (rN+)
You are resistant to electric shocks. (rElec)
You can survive without breathing.
You are immune to petrification.
You are immune to rotting.


Message History

The orc priest is moderately wounded.
The orc priest barely misses you.
You closely miss the orc priest.
The orc priest is moderately wounded.
The orc priest mumbles some strange prayers to Beogh against you.
Pain shoots through your body!
* * * LOW HITPOINT WARNING * * *
You hit the orc priest but do no damage.
The orc priest is moderately wounded.
The orc priest hits you but does no damage.
You hit the orc priest.
The orc priest is moderately wounded.
The orc priest hits you but does no damage.
You hit the orc priest.
The orc priest is severely wounded.
You hear the brisk rusting of a distant drain.
The frilled lizard bites you but does no damage.
The orc priest mumbles some strange prayers to Beogh against you.
Beogh smites you!
You die...

##.... #......#.#
#.### #.........
#.. #.=.......
....#
.#####..........
...##
.............#.
..
#.............. #
.....oo.l...##
#.#...#@.#...#
.##
.......>.....##
...
#.#.#.#.#.....##
..
........).#....##
#.
###..#..#.#...#
#.
#...###>#.##..##
#. #.#.
#.#.##...## #
#.## #.#.####..##
# . ....# #...##


You could see 2 orc priests and a frilled lizard.

Vanquished Creatures
  A hound (D:3)
  Robin (D:2)
  An ooze (D:3)
  4 worms
  5 dart slugs
  6 leopard geckos
  4 orcs
  9 bats
  2 giant cockroaches
  4 goblins
  7 hobgoblins
  2 jackals (D:1)
  4 quokkas
  2 ball pythons
  2 frilled lizards
  14 kobolds
  7 rats
75 creatures vanquished.

Notes
Turn   | Place    | Note
-------+----------+-------------------------------------------
     0 | D:1      | Freyura the Gargoyle Monk began the quest for the Orb.
     0 | D:1      | Reached XP level 1. HP: 14/14 MP: 2/2
   179 | D:1      | Reached XP level 2. HP: 19/19 MP: 3/3
   307 | D:1      | Reached skill level 1 in Armour
   386 | D:1      | Reached XP level 3. HP: 20/23 MP: 4/4
   997 | D:2      | Noticed Robin
  1020 | D:2      | Killed Robin
  1048 | D:2      | Reached XP level 4. HP: 29/29 MP: 5/5
  1609 | D:3      | Reached XP level 5. HP: 31/33 MP: 6/6
  1833 | D:3      | Killed from afar by an orc priest

Skill      XL: |  1  2  3  4 |
---------------+-------------+-----
Armour         | 1 2 |  2.1
Maces & Flails | 4 |  4.3
Fighting       | 4 |  4.1
Dodging        | 3 |  3.0
Stealth        | |  2.4
Invocations    | |  2.1

Action                   |  1- 3 |  4- 6 || total
-------------------------+-------+-------++-------
Melee: Mace              |   100 |   153 ||   253
  Use: Scroll            |     3 |     2 ||     5
       Potion            |     1 |       ||     1
 Stab: Sleeping          |     4 |       ||     4
  Eat: Chunk             |       |     3 ||     3
Armor: Robe              |    37 |    23 ||    60
       Leather armour    |       |    33 ||    33
Dodge: Dodged            |    81 |   120 ||   201
